[Event "Late-Titled-Tuesday-Blitz-May-28-2024"]
[Site "Chess.com"]
[Date "2024.05.28"]
[Round "10"]
[White "karinachess1"]
[Black "Dolphin_2010"]
[Result "1-0"]
[WhiteElo "2658"]
[BlackElo "2747"]
[TimeControl "180+1"]
[EndTime "15:55:21 PDT"]
[Termination "karinachess1 won by resignation"]

1. d4 d5 2. c4 c6 3. Nf3 Nf6 4. g3 Bg4 5. Ne5 Bf5 6. Nc3 e6 7.
Qb3 Qb6 8. c5 Qxb3 9. axb3 Nbd7 10.
f4 a6 11. b4 Rc8 12. h3 h5 13.
Bg2 Be7 14. Be3 Nxe5 15. fxe5 Nd7 16. Kd2 f6 17. exf6 Bxf6 18. Bf2 e5 19. e4 exd4 20. Bxd4 Bxd4 21. exf5 Kf7 22. Kd3 Bf6 23. Rae1 Ne5+ 24.
Kc2 Rce8 25. Rhf1 Nc4 26. Nxd5 Bxb2 27. Kd3 Ne5+ 28. Kc2 cxd5 29. Bxd5+ Kf6 30. Bxb7 Re7 31. Bxa6 Rb8 32. Kxb2 Rxb4+ 33. Kc3 Ra4 34. Ra1 Re4 35. Rfe1 Kxf5 36. Bc8+ Nd7 37. Rxe4 Kxe4 38. Re1+ Kd5 39. Rxe7 Nxc5 40. Rxg7 Ne4+ 41. Kd3 Nf2+ 42. Ke2 Nh1 43. Bb7+ Ke5 44. Bxh1 Ke6 45. g4 Kf6 46. Ra7 Kg5 47. Ra5+ Kh4 48. Rxh5+ Kg3 49. g5 Kh2 50. g6 Kg3 1-0

[Event "Late-Titled-Tuesday-Blitz-May-28-2024"]
[Site "Chess.com"]
[Date "2024.05.28"]
[Round "10"]
[White "aval7an"]
[Black "merinasian"]
[Result "0-1"]
[WhiteElo "2663"]
[BlackElo "2485"]
[TimeControl "180+1"]
[EndTime "15:55:24 PDT"]
[Termination "merinasian won on time"]

1. d4 d6 2. Nf3 Nd7 3. Nc3 g6 4. e4 Bg7 5. Bc4 e6 6. h4 h6 7. Bf4 a6 8. a4 b6 9. Qd2 Bb7 10.
O-O-O b5 11. Bd3 bxa4 12. Nxa4 Ngf6 13. Qe2 O-O 14. e5 Nd5 15. Bd2 dxe5 16. dxe5 c5 17. Be4 Bc6 18. Nc3 Qa5 19. Nb1 Qa1 20. Bxd5 Bxd5 21.
Bc3 Nb6 22. b3 Qa2 23. Nfd2 c4 24. Nxc4 Nxc4 25. bxc4 Bxc4 26. Qe3 Rab8 27. Kd2 Rfd8+ 28. Bd4 Bb3 29. Qc3 Bxe5 30. Ke3 Bxd4+ 31. Rxd4 Rxd4 32. Qxd4 Bxc2 33. Nd2 Qa3+ 34. Kf4 Rb4 35. Nc4 e5+ 36. Kxe5 Qa4 37. Kf6 Qc6+ 0-1

[Event "Late-Titled-Tuesday-Blitz-May-28-2024"]
[Site "Chess.com"]
[Date "2024.05.28"]
[Round "10"]
[White "Veleamater"]
[Black "norwaytoadog"]
[Result "0-1"]
[WhiteElo "2428"]
[BlackElo "2325"]
[TimeControl "180+1"]
[EndTime "15:55:24 PDT"]
[Termination "norwaytoadog won by resignation"]

1. g3 Nf6 2. Bg2 e5 3. d3 Nc6 4. Nf3 d5 5. O-O Bd6 6. h3 O-O 7. Nc3 h6 8. e4 Be6 9. Nd2 dxe4 10. Ndxe4 Nxe4 11. dxe4 Qd7 12. Kh2 a6 13. a3 Nd4 14.
Be3 c5 15. f4 f5 16. exf5 Nxf5 17. Bf2 exf4 18. gxf4 Bxf4+ 19. Kh1 Qc7 20. Nd5 Bxd5 21. Qxd5+ Kh8 22. Be4 Ne3 23. Bxe3 Bxe3 24. Qh5 Qg3 25. Qg4 Qxg4 26. hxg4 Bf4 27. Rad1 Rae8 28. Rde1 b5 29. Bb7 Rxe1 30. Rxe1 Rf6 31. Re8+ Kh7 32. Be4+ g6 33. Re7+ Kg8 34. Kg2 Kf8 35. Ra7 Be5 36. Bf3 Bxb2 37. Bb7 Bxa3 38. Bxa6 b4 39. Bc4 Bb2 40. Rc7 Bd4 41. Be2 Rf2+ 42. Kg3 Rxe2 43. Kf4 Rxc2 44. Ke4 Re2+ 45. Kd5 b3 46. Rb7 b2 47.
Kc4 Re1 0-1

[Event "Late-Titled-Tuesday-Blitz-May-28-2024"]
[Site "Chess.com"]
[Date "2024.05.28"]
[Round "10"]
[White "NMJeevanK"]
[Black "GothamChess"]
[Result "1-0"]
[WhiteElo "2700"]
[BlackElo "2792"]
[TimeControl "180+1"]
[EndTime "15:55:27 PDT"]
[Termination "NMJeevanK won on time"]

1. e4 d5 2. exd5 Qxd5 3. Nc3 Qa5 4. Nf3 Nf6 5. d4 Bf5 6. Bc4 e6 7. O-O Bb4 8. Bd2 Nc6 9. a3 Bxc3 10. Bxc3 Qb6 11.
b4 Rd8 12. Re1 O-O 13. Qe2 Bg4 14. Bb3 Bxf3 15. Qxf3 Nxd4 16. Bxd4 Rxd4 17. c4 c6 18. c5 Qc7 19. Rad1 Rfd8 20. h3 h6 21. Bc2 a5 22.
Rxd4 Rxd4 23. Qc3 Rd8 24. Rb1 axb4 25. axb4 Nd5 26. Qd3 f5 27. Qc4 Qf4 28. Qe2 e5 29. Re1 e4 30. b5 Kh7 31. Qc4 cxb5 32. Qxb5 Qd2 33. Qe2 Nb4 34. Ba4 Qxe2 35. Rxe2 Rd5 36. Rb2 Rd4 37. Be8 Kg8 38. Bg6 f4 39. Re2 Nd3 40. Bxe4 Nxc5 41. Bg6 Rd8 42. Re5 b6 43. Rf5 Nd7 44. Rxf4 Ne5 45. Bf5 Rd1+ 46. Kh2 Rd2 47. Be6+ Kh7 48. Rf8 Kg6 49. Bf5+ Kg5 50. Be4 Ng6 51.
Rf5+ 1-0

[Event "Late-Titled-Tuesday-Blitz-May-28-2024"]
[Site "Chess.com"]
[Date "2024.05.28"]
[Round "10"]
[White "CristhianPortalR"]
[Black "Hakiki_satranc"]
[Result "1-0"]
[WhiteElo "2541"]
[BlackElo "2410"]
[TimeControl "180+1"]
[EndTime "15:55:28 PDT"]
[Termination "CristhianPortalR won by checkmate"]

1. e4 e5 2. Nf3 Nc6 3. d4 exd4 4. Nxd4 Bb4+ 5. c3 Bc5 6. Be3 Bb6 7. Nf5 Bxe3 8. Nxe3 Nf6 9. f3 O-O 10. c4 d6 11. Nc3 a5 12. Bd3 Nd7 13. O-O Nc5 14.
Bc2 Bd7 15. Qd2 Rc8 16. Ncd5 b6 17. Rad1 Re8 18. b3 Ra8 19. Qc3 Nb4 20. Bb1 Nxd5 21. Nxd5 Be6 22. Nf4 Qg5 23. g3 Qe5 24. Qxe5 dxe5 25. Nd5 Bxd5 26. exd5 g6 27. Rfe1 f5 28. Re2 Kf7 29. Rde1 Kf6 30. Kg2 Nb7 31. g4 Nd6 32. h4 h6 33. Kg3 a4 34. Rxe5 Rxe5 35.
g5+ hxg5 36. hxg5+ Kxg5 37. f4+ Kh6 38. fxe5 Ne4+ 39.
Bxe4 fxe4 40. b4 Kg5 41. Rxe4 Kf5 42. Re3 Re8 43. e6 g5 44. c5 bxc5 45. bxc5 Kf6 46. Kg4 Rh8 47. e7 Rh4+ 48. Kg3 Rh8 49. e8=Q Rxe8 50.
Rxe8 c6 51. Re1 Kf5 52. d6 a3 53. d7 g4 54. d8=Q Kg6 55. Re4 Kh5 56. Qg8 Kh6 57.
Re6+ Kh5 58. Qg6# 1-0

[Event "Late-Titled-Tuesday-Blitz-May-28-2024"]
[Site "Chess.com"]
[Date "2024.05.28"]
[Round "10"]
[White "Mariia89"]
[Black "chess_sharparchitect"]
[Result "1-0"]
[WhiteElo "2237"]
[BlackElo "2331"]
[TimeControl "180+1"]
[EndTime "15:55:28 PDT"]
[Termination "Mariia89 won on time"]

1. d4 Nf6 2. Nf3 d5 3. c4 e6 4. a3 dxc4 5. e3 c5 6. Bxc4 Nc6 7. Nc3 cxd4 8. exd4 Bd6 9. O-O O-O 10. Bg5 h6 11. Bh4 Be7 12. Re1 a6 13. Rc1 Qb6 14. Na4 Qa5 15. Bd3 Rd8 16. Bb1 Bd7 17. Nc3 Rac8 18.
Qd3 g6 19. Qe3 Kh7 20. h3 Ng8 21. Bg3 Bf6 22. Ne5 Nxe5 23. dxe5 Bg7 24. h4 h5 25. Qf3 Nh6 26. Qxh5 Rc5 27. Qe2 Qc7 28. h5 Bc6 29. hxg6+ fxg6 30. Qh5 Qf7 31. Qh4 Rf8 32. Ne4 Bxe4 33. Rxc5 Bd5 34. Rc3 Kg8 35. Be4 Bxe4 36. Qxe4 Nf5 37. Rf3 Qe7 38. Bf4 Qh4 39. Bg3 1-0

[Event "Late-Titled-Tuesday-Blitz-May-28-2024"]
[Site "Chess.com"]
[Date "2024.05.28"]
[Round "10"]
[White "GlavkonVVS"]
[Black "Naruna_Chan"]
[Result "1-0"]
[WhiteElo "2574"]
[BlackElo "2298"]
[TimeControl "180+1"]
[EndTime "15:55:29 PDT"]
[Termination "GlavkonVVS won by resignation"]

1. c4 e5 2. Nc3 Nf6 3. g3 d5 4. cxd5 Nxd5 5. Bg2 Nf6 6. Nf3 Bd6 7. a3 O-O 8. O-O c6 9. d4 exd4 10. Nxd4 Bc7 11. e4 Nbd7 12. Be3 Bb6 13. Qe2 Ne5 14. Rad1 Qe7 15. h3 Rd8 16. f4 Ng6 17. e5 Nd5 18.
Nxd5 cxd5 19. Nf3 Bf5 20. Bxb6 axb6 21. Nd4 Bd7 22. Rfe1 Nf8 23. f5 Qc5 24. Kh2 Ra4 25.
Qe3 g6 26. g4 Re8 27. b4 Qc7 28. Rc1 Qd8 29. Qg3 Qg5 30. h4 Qd2 31. Rcd1 Qb2 32.
Re3 Rc8 33. e6 fxe6 34. fxe6 Be8 35. e7 Nd7 36. Rdd3 Rc1 37. Re2 Qb1 38. Bxd5+ Kg7 39.
Ne6+ Kf6 40. Ng5 Kg7 41. Rde3 Rc2 42. Ne6+ Kf6 43. Nd4 Kg7 44. Nxc2 1-0

[Event "Late-Titled-Tuesday-Blitz-May-28-2024"]
[Site "Chess.com"]
[Date "2024.05.28"]
[Round "10"]
[White "Jahonas"]
[Black "slidingknight2775"]
[Result "1/2-1/2"]
[WhiteElo "2474"]
[BlackElo "2629"]
[TimeControl "180+1"]
[EndTime "15:55:30 PDT"]
[Termination "Game drawn by repetition"]

1. d4 Nf6 2. Nf3 e6 3. c3 c5 4. e3 b6 5. Bd3 Bb7 6. Nbd2 Be7 7. O-O d5 8. Qe2 Nbd7 9. Rd1 O-O 10. e4 dxe4 11. Nxe4 Nxe4 12. Bxe4 Bxe4 13. Qxe4 Nf6 14. Qe2 Qc7 15. Bg5 h6 16. Bh4 Rfe8 17. Bg3 Qb7 18. dxc5 Bxc5 19. b3 b5 20. Rac1 Rad8 21. c4 Rxd1+ 22. Rxd1 a6 23. Bd6 Bxd6 24. Rxd6 Ne4 25. Rd4 Nf6 26. h3 bxc4 27. Rxc4 Rd8 28. Qc2 Qd5 29. Rd4 Qa8 30. Rxd8+ Qxd8 31. g3 a5 32. Ne5 g6 33. Nc6 Qc7 34. Qc5 Nd5 35.
a3 Kh7 36. Qc4 Nb6 37. Qb5 Nd5 38. b4 axb4 39. axb4 Qd6 40. Qc4 Nb6 41. Qc5 Qxc5 42.
bxc5 Nd7 43. Nd8 Nxc5 44. Nxf7 Nd7 45. Nd8 Nc5 46. Nc6 Kg7 47. Kg2 Kf6 48. Nd4 g5 49.
Kf3 Nd7 50. Ke3 Ne5 51. Nf3 Ng6 52. Ke4 Ne7 53. Ne5 Nf5 54. Nd3 Nd6+ 55. Ke3 Nf5+ 56. Ke4 Nd6+ 57. Kf3 Nf5 58. g4 Nd4+ 59. Ke4 Nc6 60.
f4 gxf4 61. Nxf4 Ne7 62. Nh5+ Kg6 63. Nf4+ Kf6 64. Nh5+ Kg6 65. h4 Nc6 66. Nf4+ Kf7 67.
Nd3 Kf6 68. Nf4 Kf7 69. Nh3 Kf6 70. Nf4 Kf7 1/2-1/2

[Event "Late-Titled-Tuesday-Blitz-May-28-2024"]
[Site "Chess.com"]
[Date "2024.05.28"]
[Round "10"]
[White "ChEsper99"]
[Black "Kostukov_Alex"]
[Result "1-0"]
[WhiteElo "2250"]
[BlackElo "2370"]
[TimeControl "180+1"]
[EndTime "15:55:31 PDT"]
[Termination "ChEsper99 won on time"]

1. e4 c5 2. c3 g6 3. d4 cxd4 4.
cxd4 d5 5. e5 Bg7 6. Nf3 Bg4 7.
Bb5+ Nc6 8. O-O Nh6 9. Bxc6+ bxc6 10. Be3 Nf5 11. Nbd2 O-O 12. Rc1 Qb6 13. Nb3 a5 14. Qd2 Bxf3 15. gxf3 f6 16. f4 a4 17. Nc5 fxe5 18.
fxe5 Qb5 19. Rc2 Nh4 20. Qd3 Qb8 21. Nd7 Qc8 22. e6 Rf5 23. Rfc1 Nf3+ 24. Kg2 Qc7 25. Rxc6 Qxh2+ 26. Kf1 Qh1+ 27. Ke2 Qh5 28. Rc8+ Rxc8 29. Rxc8+ Bf8 30. Qa6 Ng1+ 31. Kd2 Nf3+ 32. Kc3 Ne1 33.
Qa8 Qf3 34. Kb4 Nc2+ 35. Kxa4 Nxe3 36. fxe3 h5 37. b4 h4 38. b5 h3 39. b6 Qd1+ 40. Ka5 Qd2+ 41. Ka6 Qd3+ 42. Kb7 1-0

[Event "Late-Titled-Tuesday-Blitz-May-28-2024"]
[Site "Chess.com"]
[Date "2024.05.28"]
[Round "10"]
[White "Zorbos"]
[Black "swayamsm"]
[Result "1-0"]
[WhiteElo "2736"]
[BlackElo "2571"]
[TimeControl "180+1"]
[EndTime "15:55:33 PDT"]
[Termination "Zorbos won by resignation"]

1. e4 e5 2. Nf3 Nc6 3. Bb5 a6 4. Ba4 Nf6 5. O-O Be7 6. Re1 b5 7. Bb3 O-O 8. a4 Bb7 9. d3 d5 10. exd5 Nxd5 11. Nxe5 Nd4 12. Nd2 Nb4 13. Nef3 Bxf3 14.
Nxf3 Nxb3 15. cxb3 Nxd3 16. Rxe7 Qxe7 17. Qxd3 Rad8 18. Qc2 Qc5 19. Qe2 Rfe8 20. Be3 Qb4 21. Qc2 h6 22. h3 Rb8 23. axb5 axb5 24. Ra7 Ra8 25. Rxc7 Ra1+ 26. Kh2 Qd6+ 27. g3 Qd5 28. Kg2 Rd8 29. Rc5 Qb7 30. Qf5 b4 31. g4 Qd7 32.
Qxd7 Rxd7 33. Rb5 Rb1 34. Bd4 Rd1 35. Rxb4 Rd3 36. Bc3 f6 37. Rb8+ Kh7 38. b4 Re7 39. b5 Rd5 40. b6 Kg6 41. Nh4+ Kh7 42. Nf5 Red7 43. Ne3 Rb5 44. Nc4 Kg6 45. Na5 Rd6 46. b7 Rdb6 47. b3 Rc5 48. Bd4 Rxa5 49. Bxb6 Rb5 50.
Rg8 Rxb6 51. b8=Q Rxb8 52. Rxb8 1-0

[Event "Late-Titled-Tuesday-Blitz-May-28-2024"]
[Site "Chess.com"]
[Date "2024.05.28"]
[Round "10"]
[White "Romadk"]
[Black "IngOscarArdila"]
[Result "0-1"]
[WhiteElo "2452"]
[BlackElo "2313"]
[TimeControl "180+1"]
[EndTime "15:55:35 PDT"]
[Termination "IngOscarArdila won by resignation"]

1. d4 Nf6 2. Nf3 e6 3. g3 Be7 4.
Bg2 d6 5. O-O O-O 6. c4 Nbd7 7. Nc3 c6 8. e4 Qc7 9. Re1 e5 10. h3 a5 11. Be3 Rd8 12. Qc2 Nf8 13. Rad1 Be6 14. d5 cxd5 15. cxd5 Bd7 16. Qb3 Rdc8 17.
Bf1 a4 18. Qb4 Bd8 19. Nb5 Bxb5 20. Qxb5 N8d7 21. Nd2 Nc5 22. Rc1 b6 23. b4 axb3 24. axb3 Qd7 25. f3 h5 26. b4 Qxb5 27. Bxb5 Ncd7 28.
Rc6 Rxc6 29. dxc6 Nf8 30. Nc4 Bc7 31. Bxb6 Bxb6+ 32. Nxb6 Ra7 33. Nc8 Rc7 34. Nxd6 Ne6 35. Nf5 g6 36. Ne3 Nd4 37. Ba4 Ra7 38. Ra1 Nxc6 39. b5 Nd4 40. Kf2 Nxb5 41. Rb1 Nc3 42. Rb8+ Kg7 43. Bb3 Nd7 44. Rd8 Nc5 45. Bc4 Ra4 46. g4 hxg4 47. hxg4 Nd1+ 48. Nxd1 Rxc4 49. Ne3 Rc3 50. Rc8 Nd3+ 51. Ke2 Nf4+ 52. Kf2 Rxc8 53. Kg3 Kf6 54. g5+ Ke7 55. Nd5+ Nxd5 56. exd5 Kd6 57. f4 exf4+ 58. Kxf4 Kxd5 59. Kg4 Rc4+ 60. Kg3 Ke5 61.
Kf3 Kf5 62. Ke3 Kxg5 0-1

[Event "Late-Titled-Tuesday-Blitz-May-28-2024"]
[Site "Chess.com"]
[Date "2024.05.28"]
[Round "10"]
[White "Genghis_K"]
[Black "KirAk47"]
[Result "0-1"]
[WhiteElo "2928"]
[BlackElo "2622"]
[TimeControl "180+1"]
[EndTime "15:55:36 PDT"]
[Termination "KirAk47 won by resignation"]

1. e4 c5 2. Nf3 e6 3. d4 cxd4 4. Nxd4 Nf6 5. Nc3 Nc6 6. Ndb5 Bb4 7. a3 Bxc3+ 8. Nxc3 d5 9. Bd3 dxe4 10. Nxe4 Nxe4 11.
Bxe4 Qxd1+ 12. Kxd1 Bd7 13. Be3 f5 14. Bf3 e5 15.
Kc1 Rc8 16. Rd1 f4 17. Bc5 b6 18. Bd6 Nd4 19. Rxd4 exd4 20. Kd2 Bf5 21. Rc1 Kd7 22. Bxf4 Rhe8 23. h4 Rc5 24. Bd1 Rec8 25. g4 Be4 26. f3 Bb7 27. Bg3 Rf8 28. f4 Be4 29. g5 Ke6 30. Bg4+ Kd5 31. h5 Bf5 32. Bf3+ Kd6 33. Bf2 Rfc8 34. Bxd4 Rxc2+ 35. Rxc2 Rxc2+ 36. Ke3 g6 37. h6 Be6 38. Be5+ Kc5 39.
Be4 Rc1 40. b4+ Kc4 41. f5 Re1+ 42. Kf3 gxf5 43. Bc6 Rxe5 44. g6 Bg8 45. Kf4 Re6 46.
Bd7 Rxg6 47. Bxf5 Rxh6 48. Ke5 Rh5 0-1

[Event "Late-Titled-Tuesday-Blitz-May-28-2024"]
[Site "Chess.com"]
[Date "2024.05.28"]
[Round "10"]
[White "crazy_but_lazy"]
[Black "yobdc"]
[Result "1-0"]
[WhiteElo "2673"]
[BlackElo "2539"]
[TimeControl "180+1"]
[EndTime "15:55:37 PDT"]
[Termination "crazy_but_lazy won on time"]

1. d4 e6 2. Nf3 f5 3. g3 Nf6 4.
Bg2 d5 5. O-O Bd6 6. c4 c6 7. Nbd2 O-O 8. Ne5 Nbd7 9. Ndf3 Ne4 10. b3 Qe7 11. Nd3 a5 12. Bf4 a4 13.
Bxd6 Nxd6 14. Nfe5 Nf6 15. c5 Nb5 16. e3 a3 17. Qc2 Bd7 18. f3 Be8 19. Rae1 Bh5 20. h3 g5 21. g4 Bg6 22. Nxg6 hxg6 23. Ne5 Kg7 24. Rf2 Nd7 25. Nxd7 Qxd7 26. Bf1 Nc7 27. Bd3 Rh8 28. Rh2 Rh4 29. Qg2 Rah8 30. gxf5 exf5 31. Qxg5 Ne6 32. Qg3 Qc7 33. Qxc7+ Nxc7 34. Kg2 Ne6 35. f4 Kf6 36. b4 R4h5 37. Rf1 Ra8 38. Kg3 g5 39.
fxg5+ Rxg5+ 40. Kf3 Ra4 41. Rb1 Rg7 42. h4 f4 43. h5 Rg3+ 44. Kf2 Rxe3 45. h6 Ng5 46. Bc2 Nf7 47. Bxa4 Rd3 48. Re1 Rxd4 49. h7 Nh8 50.
Re8 Rd2+ 51. Kg1 Rg2+ 52. Rxg2 1-0

[Event "Late-Titled-Tuesday-Blitz-May-28-2024"]
[Site "Chess.com"]
[Date "2024.05.28"]
[Round "10"]
[White "Bilan_Danila"]
[Black "Rodalquilar"]
[Result "1/2-1/2"]
[WhiteElo "2567"]
[BlackElo "2780"]
[TimeControl "180+1"]
[EndTime "15:55:38 PDT"]
[Termination "Game drawn - insufficient material"]

1. d4 d5 2. Nf3 Nf6 3. c4 e6 4.
Nc3 a6 5. cxd5 exd5 6. Bg5 Be6 7.
e3 Nbd7 8. Bd3 Bd6 9. Qc2 c6 10. O-O-O Qc7 11. e4 dxe4 12. Nxe4 Nxe4 13. Bxe4 Bf4+ 14.
Kb1 Bxg5 15. Nxg5 Bxa2+ 16. Kxa2 Qa5+ 17. Kb1 Qxg5 18. Rhe1 O-O 19. Bxh7+ Kh8 20. Bf5 Nf6 21. Re3 g6 22. Rh3+ Kg7 23. Rg3 Qh5 24. h3 Rfe8 25.
Bg4 Nxg4 26. Rxg4 Qd5 27. h4 Rad8 28. f3 Qb5 29. Re4 Qf5 30. Rde1 Rxe4 31. Rxe4 Rd7 32.
b3 Rd5 33. Kb2 Rb5 34. Qc3 Qf6 35. g4 Rd5 36. h5 gxh5 37. gxh5 Rxh5 38. Rg4+ Rg5 39.
Rxg5+ Qxg5 40. d5+ Qf6 41. dxc6 bxc6 42. Kc2 Qxc3+ 43. Kxc3 Kf6 44. Kb4 Ke5 45. Ka5 Kf4 46. Kxa6 Kxf3 47. Kb6 f5 48. Kxc6 f4 49. b4 Ke2 50. b5 f3 51. b6 f2 52. b7 f1=Q 53. b8=Q Qf3+ 54. Kc7 Qf4+ 55. Kb7 Qxb8+ 56. Kxb8 1/2-1/2

[Event "Late-Titled-Tuesday-Blitz-May-28-2024"]
[Site "Chess.com"]
[Date "2024.05.28"]
[Round "10"]
[White "Quattroporte300"]
[Black "ReadySkate"]
[Result "0-1"]
[WhiteElo "2425"]
[BlackElo "2700"]
[TimeControl "180+1"]
[EndTime "15:55:38 PDT"]
[Termination "ReadySkate won on time"]

1. e4 c5 2. Nc3 e6 3. g3 Nc6 4. Bg2 Nf6 5. Nge2 d5 6. exd5 exd5 7. d4 h6 8. O-O c4 9. Nf4 Bd6 10. Re1+ Kf8 11. Nfxd5 Bg4 12. Qd2 Rc8 13. Nxf6 Qxf6 14. Ne4 Qd8 15. Nxd6 Qxd6 16. c3 g5 17. h3 Bh5 18. b3 Na5 19. Qc2 Kg7 20. b4 Nc6 21. a4 Rhe8 22. Be3 b6 23. a5 Ne7 24. axb6 axb6 25. Bd2 Nd5 26. Qf5 Nf6 27. Qb5 Bg6 28. Rxe8 Rxe8 29. Qxc4 Ne4 30. Be1 Qf6 31. Rd1 h5 32. d5 Nd6 33. Qd4 Qxd4 34. cxd4 Be4 35. Bd2 Bxg2 36. Kxg2 f6 37. Rc1 Re2 38. Rc6 Nf5 39.
Bc3 g4 40. hxg4 hxg4 41. d6 Kf7 42. d7 Ke7 43. d5 Kxd7 44. Rxf6 Ne3+ 45. Kh2 Nxd5 46.
Rf7+ Ke8 47. Rg7 Nxc3 48. Rxg4 Rxf2+ 49. Kh3 Rb2 50. Rc4 Nd5 51. Re4+ Kd7 52. g4 Rxb4 53. Re5 Kd6 54. Re8 Nf6 55. Rd8+ Ke7 56. Rb8 Nxg4 57. Rb7+ Ke6 58. Rb8 Ne5 0-1

[Event "Late-Titled-Tuesday-Blitz-May-28-2024"]
[Site "Chess.com"]
[Date "2024.05.28"]
[Round "10"]
[White "maracayo"]
[Black "FMalexhdez"]
[Result "1-0"]
[WhiteElo "2409"]
[BlackElo "2272"]
[TimeControl "180+1"]
[EndTime "15:55:38 PDT"]
[Termination "maracayo won on time"]

1. e4 c5 2. Nf3 d6 3. d3 g5 4.
Nxg5 Bg7 5. Qh5 Nh6 6. h3 e6 7. Nc3 Nc6 8. Nxe6 Bxe6 9. Bxh6 Bxc3+ 10. bxc3 Qf6 11. Bd2 O-O-O 12. Qg5 Qg6 13. Qxg6 hxg6 14. O-O-O d5 15. exd5 Bxd5 16. c4 Be6 17. Bc3 Rhe8 18. g3 a6 19. Bg2 Nd4 20. Rhe1 b5 21. Re5 bxc4 22. Rxc5+ Kb8 23. Ba5 Rc8 24. Rxc8+ Rxc8 25. dxc4 Rxc4 26. c3 Nc6 27. Bxc6 Rxc6 28. h4 Bxa2 29. Rd8+ Kb7 30. Rd7+ Kc8 31. Ra7 Bc4 32. Kd2 Kb8 33. Re7 Re6 34. Rxe6 Bxe6 35. Ke3 Kb7 36. Kd4 Kc6 37. c4 Kd7 38. f3 Bh3 39. g4 Bf1 40.
h5 gxh5 41. gxh5 Bh3 42. Ke5 Bf1 43. h6 Bxc4 44. h7 1-0

[Event "Late-Titled-Tuesday-Blitz-May-28-2024"]
[Site "Chess.com"]
[Date "2024.05.28"]
[Round "10"]
[White "BogdanDeac"]
[Black "GMG"]
[Result "1-0"]
[WhiteElo "3062"]
[BlackElo "2807"]
[TimeControl "180+1"]
[EndTime "15:55:40 PDT"]
[Termination "BogdanDeac won on time"]

1. e4 c5 2. Nf3 Nc6 3. Bb5 e6 4.
O-O Nge7 5. Re1 b6 6. b3 Bb7 7. Bb2 Ng6 8. c3 a6 9. Bf1 d5 10. exd5 Qxd5 11. d4 cxd4 12. cxd4 Bb4 13. Re3 Rd8 14. a3 Be7 15. Nc3 Qd7 16. Na4 b5 17.
Nc3 O-O 18. Ne4 f5 19. Ned2 Bf6 20. Rc1 Nf4 21. g3 Nd5 22. Re1 g5 23. Bg2 g4 24.
Ne5 Nxe5 25. dxe5 Bg5 26. Rc2 Ne7 27. Bxb7 Qxb7 28. Qe2 Rc8 29. Nf1 Rxc2 30. Qxc2 Rc8 31. Qe2 Nd5 32. Bd4 Qc6 33. a4 Qc2 34. axb5 Qxe2 35.
Rxe2 axb5 36. Ra2 Rc1 37. Ra6 Kf7 38. Ra7+ Kg6 39. Ra6 Rd1 40. Bc5 Kf7 41. Ra7+ Ke8 42. Rxh7 Nc3 43. h4 Bd8 44. h5 Ne4 45. Be3 Ng5 46. Rh8+ 1-0

[Event "Late-Titled-Tuesday-Blitz-May-28-2024"]
[Site "Chess.com"]
[Date "2024.05.28"]
[Round "10"]
[White "GianmarcoVaR"]
[Black "eljanov"]
[Result "1-0"]
[WhiteElo "2729"]
[BlackElo "2867"]
[TimeControl "180+1"]
[EndTime "15:55:40 PDT"]
[Termination "GianmarcoVaR won on time"]

1. Nf3 d5 2. g3 Nc6 3. d4 Bf5 4. c4 e6 5. Bg2 Nb4 6. O-O Nc2 7. cxd5 Nxa1 8. dxe6 Bxe6 9. Nc3 c6 10. e4 Nf6 11. Be3 Bb4 12. Qxa1 Bxc3 13. bxc3 Nxe4 14. Ne5 Nf6 15. Qb2 Qc7 16. Bg5 O-O 17. Bxf6 gxf6 18. Nd3 Bc4 19. Qd2 Rfe8 20. Rb1 Bxd3 21. Qxd3 Kg7 22.
Bf3 Re7 23. Bd1 Qa5 24. Bc2 Qh5 25. Kg2 Rae8 26. a4 Re2 27. c4 Qh6 28. Bd1 Rd2 29.
Qf3 Qg6 30. Rxb7 Rd3 31. Qxc6 Rd8 32. Bc2 R8xd4 33. Bxd3 Qxd3 34. Qe8 Qg6 35. Rb8 Qe4+ 36. Qxe4 Rxe4 37. Rc8 Re6 38. Rc5 Ra6 39. a5 Rd6 40. Kf3 a6 41. h4 Kg6 42. Rd5 Re6 43. c5 f5 44. Rd6 Kf6 45. Kf4 1-0

[Event "Late-Titled-Tuesday-Blitz-May-28-2024"]
[Site "Chess.com"]
[Date "2024.05.28"]
[Round "10"]
[White "Pig-filth"]
[Black "N_Mullodzhanov"]
[Result "1-0"]
[WhiteElo "2380"]
[BlackElo "2479"]
[TimeControl "180+1"]
[EndTime "15:55:40 PDT"]
[Termination "Pig-filth won by checkmate"]

1. d4 Nf6 2. Bg5 Ne4 3. Bf4 c5 4. f3 Nf6 5. dxc5 Qa5+ 6. Nc3 Qxc5 7. e4 e5 8. Bg5 Be7 9. Qd2 Nc6 10. Bxf6 Bxf6 11. Nd5 Bd8 12. Ne2 O-O 13. b4 Qd6 14.
Ng3 g6 15. Qh6 Qe6 16. c3 Ne7 17. Nh5 gxh5 18. Nf6+ Qxf6 19. Qxf6 Ng6 20. Qd6 Be7 21. Qd2 d6 22. Bc4 Kg7 23. g3 h4 24. Bd5 a5 25. a4 Ra7 26. Qe3 Ra8 27. b5 Be6 28. Bxe6 fxe6 29. Qb6 Rxf3 30. Qxb7 Re8 31. Rf1 Re3+ 32.
Kd2 Rxe4 33. Qxe4 d5 34. Qe2 e4 35. gxh4 Bxh4 36. Rg1 Bf6 37. Qg4 Rc8 38. h4 Bxc3+ 39. Ke2 Be5 40. h5 Rc2+ 41. Kd1 Rc4 42. hxg6 h6 43. Rf1 Bxa1 44. Rf7+ Kg8 45. Qxe6 Rd4+ 46.
Ke2 Rd2+ 47. Kxd2 e3+ 48. Ke2 d4 49. Qe8# 1-0

[Event "Late-Titled-Tuesday-Blitz-May-28-2024"]
[Site "Chess.com"]
[Date "2024.05.28"]
[Round "10"]
[White "StoreySniper"]
[Black "ManMish2"]
[Result "1-0"]
[WhiteElo "2553"]
[BlackElo "2651"]
[TimeControl "180+1"]
[EndTime "15:55:41 PDT"]
[Termination "StoreySniper won by checkmate"]

1. c4 e5 2. g3 g6 3. Bg2 Bg7 4. Nc3 Ne7 5. e4 Nbc6 6. d3 Nd4 7. Nge2 O-O 8. Nxd4 exd4 9. Ne2 c6 10. O-O d5 11.
exd5 cxd5 12. c5 Bg4 13. h3 Be6 14. Nf4 Qd7 15. b4 a5 16. Bd2 axb4 17. Bxb4 Nc6 18. Bd2 Rfe8 19. Qb3 Rad8 20. Rfb1 Re7 21. Re1 Be5 22.
Rab1 Bxf4 23. Bxf4 Bxh3 24. Bxh3 Rxe1+ 25. Rxe1 Qxh3 26. Qxb7 Qd7 27. Qxd7 Rxd7 28. Bh6 f6 29. Re6 Rc7 30. Rxf6 Rc8 31. Rd6 Nb4 32. a3 Nxd3 33. Rxd5 Nxc5 34. Rxd4 Ne6 35. Re4 Nc5 36. Rc4 Rc7 37. Bf4 Ra7 38.
Rxc5 Rxa3 39. Bh6 Ra7 40. Be3 Rb7 41. Ra5 Kf7 42. Ra7 Rxa7 43. Bxa7 g5 44. Be3 Kg6 45. g4 h5 46. f3 h4 47. Kg2 Kf6 48. Kh3 Kg6 49.
Bd4 Kh6 50. Be5 Kg6 51. f4 Kh6 52. f5 Kh7 53. Bf6 Kh6 54. Be7 Kh7 55. Bxg5 Kg7 56. Bxh4 Kf7 57. Kg3 Ke8 58. Kf4 Kd7 59. g5 Kc6 60. g6 Kb5 61. g7 Kc4 62. g8=Q+ Kd3 63. Qd5+ Ke2 64. Ke4 Kf1 65. Kf3 Kg1 66. Qd1+ Kh2 67.
Qe2+ Kh3 68. Qg2+ Kxh4 69. Qg4# 1-0

[Event "Late-Titled-Tuesday-Blitz-May-28-2024"]
[Site "Chess.com"]
[Date "2024.05.28"]
[Round "10"]
[White "lachesisQ"]
[Black "Vladimir_Zakhartsov"]
[Result "1/2-1/2"]
[WhiteElo "3063"]
[BlackElo "2880"]
[TimeControl "180+1"]
[EndTime "15:55:44 PDT"]
[Termination "Game drawn by stalemate"]

1. e4 c5 2. Nf3 d6 3. d4 Nf6 4. Nc3 cxd4 5. Nxd4 g6 6. f3 h5 7. Be3 Bg7 8. Qd2 a6 9. Bc4 b5 10. Bb3 Bb7 11. O-O-O Nbd7 12. Rhe1 Rc8 13. Kb1 Qc7 14. Nd5 Bxd5 15. exd5 Nb6 16. Bg5 Nfxd5 17. f4 O-O 18. f5 Nc4 19. Qd3 Nb4 20. Qe2 Nc6 21. Nxc6 Qxc6 22.
fxg6 fxg6 23. Bxe7 Rf7 24. Bxc4 bxc4 25. Bxd6 Rb7 26. Ba3 Bxb2 27. Bxb2 c3 28. Qe6+ Qxe6 29. Rxe6 Rxb2+ 30. Ka1 Rxc2 31. Rxg6+ Kf7 32. Rxa6 Rxg2 33.
h4 Rc7 34. Ra5 Kg6 35. Rc1 Rg4 36. Ra3 Rgc4 37. Rb3 Kf5 38. Rb5+ Kg4 39. Rg1+ Kxh4 40. Rh1+ Kg3 41. Rbxh5 c2 42. R5h3+ Kg4 43. Rh4+ Kg5 44.
Rxc4 Rxc4 45. Kb2 Kf5 46. Rc1 Ke5 47. Kb3 Rc5 48. a3 Kd6 49. Rxc2 Rxc2 50. Kxc2 Kc6 51. Kb3 Kb7 52. a4 Ka8 53. Ka3 Kb8 54. Kb4 Ka8 55. a5 Kb8 56. Kb5 Ka8 57. a6 Kb8 58. Kb6 Ka8 59.
a7 1/2-1/2

[Event "Late-Titled-Tuesday-Blitz-May-28-2024"]
[Site "Chess.com"]
[Date "2024.05.28"]
[Round "10"]
[White "stollenmonster"]
[Black "Shuvalov"]
[Result "1-0"]
[WhiteElo "2827"]
[BlackElo "2564"]
[TimeControl "180+1"]
[EndTime "15:55:45 PDT"]
[Termination "stollenmonster won by resignation"]

1. e4 e6 2. Nc3 d5 3. g3 d4 4. Nce2 e5 5. d3 c5 6. h3 Nc6 7. Bg2 Nf6 8. f4 exf4 9. Nxf4 Bd6 10. Nf3 O-O 11. O-O Ne5 12. g4 Ng6 13. Nxg6 fxg6 14. e5 Nxg4 15. hxg4 Bc7 16. Bg5 Qe8 17. c3 dxc3 18.
bxc3 Bxg4 19. Qb3+ Kh8 20. Qxb7 Bxf3 21. Qxc7 Bxg2 22.
Kxg2 Qe6 23. Rf4 h6 24. Raf1 Rfc8 25. Qf7 Qxf7 26. Rxf7 hxg5 27. d4 cxd4 28. cxd4 Rc2+ 29. Kg3 Rd2 30. Rd7 Re8 31. Rf2 Rd3+ 32. Kg4 Kg8 33. Rff7 Rxd4+ 34. Rxd4 Kxf7 35. Rd5 Re6 36. Kxg5 Ra6 37. Rd2 Ra5 38. Re2 Ke6 39. Kxg6 Rxe5 40. Rc2 Ra5 41. Kxg7 Kd5 42. Kf6 Kd4 43. Rh2 Kc3 44.
Ke6 Kb4 45. Kd6 Ka3 46. Kc6 Ra4 47. Kb7 a5 48. Kb6 Rb4+ 49. Kxa5 Rb2 50. Rxb2 Kxb2 51. a4 1-0